 Dungeon Crawl Stone Soup version 0.25.1-2-g60ff931df9 (webtiles) character file.

Game seed: 15811941675601586915

18 DrReedTrader12 the Insei (level 2, 0/22 HPs)
             Began as a Merfolk Transmuter on July 30, 2020.
             Slain by a bat (1 damage)
             ... on level 2 of the Dungeon.
             The game lasted 00:11:16 (1508 turns).

DrReedTrader12 the Insei (Merfolk Transmuter)       Turns: 1508, Time: 00:11:16

Health: 0/22       AC:  2    Str: 10    XL:     2   Next: 70%
Magic:  2/5        EV: 16    Int: 12    God:
Gold:   46         SH:  0    Dex: 14    Spells: 2/5 levels left

rFire    . . .     SeeInvis .   l - +0 whip
rCold    . . .     Gourm    .   (no shield)
rNeg     . . .     Faith    .   b - +0 robe
rPois    .         Spirit   .   (no helmet)
rElec    .         Reflect  .   (no cloak)
rCorr    .         Harm     .   (no gloves)
MR       .....                  (boots currently unavailable)
Stlth    +++.......             (no amulet)
HPRegen  0.07/turn              (no ring)
MPRegen  0.09/turn              (no ring)

@: lethally poisoned (0 -> -4), very quick
A: change form in water, swift swim, stealthy swim
a: no special abilities


You were on level 2 of the Dungeon.
You were very hungry.

You visited 1 branch of the dungeon, and saw 2 of its levels.

You collected 46 gold pieces.

Inventory:

Hand Weapons
 l - a +0 whip (weapon)
Missiles
 a - 59 arrows
 o - 22 bolts
Armour
 b - a +0 robe (worn)
Scrolls
 m - a scroll of remove curse
 n - a scroll of blinking
Potions
 e - a potion of flight {unknown}
 h - a potion of berserk rage {unknown}
Comestibles
 d - 3 rations


   Skills:
 * Level 1.7 Fighting
 * Level 3.1 Dodging
 + Level 0.6 Stealth
 + Level 3.4 Unarmed Combat
 * Level 2.2 Spellcasting
 + Level 2.8 Transmutations


You had 2 spell levels left.
You knew the following spells:

 Your Spells              Type           Power        Failure   Level  Hunger
a - Beastly Appendage     Tmut           #.....       9%          1    ##.....
b - Sticks to Snakes      Tmut           #.......     12%         2    ###....

Your spell library contained the following spells:

 Spells                   Type           Power        Failure   Level  Hunger
 Spider Form              Tmut/Pois      #.........   41%         3    ####...
 Ice Form                 Ice/Tmut       #.......     83%         4    #####..
 Blade Hands              Tmut           #.........   92%         5    ######.


Dungeon Overview and Level Annotations

Branches:
Dungeon (2/15)

Altars:


Message History

Something bites the plant.
The jackal splashes around in the water.
The bat completely misses you.
The adder bites the plant but does no damage.
Cornered, the adder turns to fight!
The jackal splashes around in the water.
Cornered, the jackal turns to fight!
* * * LOW HITPOINT WARNING * * *
You feel sick. The bat closely misses you.
The frilled lizard bites the plant but does no damage.
The bat closely misses you.
Something bites the plant but does no damage.
You hear a splashing noise.
Your legs become a tail as you enter the water.
You hear a splashing noise.
The bat hits you but does no damage.
The frilled lizard bites the plant but does no damage.
* * * LOW HITPOINT WARNING * * *
You feel sick. The bat hits you.
You die...

#.# ##.PPP≈ #.#
###PP≈PPP≈P...
#.###≈.PP≈♣ .P...
##.#P.PP♣≈≈≈P≈P[...
##P..P≈≈♣≈≈≈.≈≈#....
#P.P≈≈≈♣PPP.##.l....
#≈P≈≈≈≈♣P...#####...
#P≈≈♣♣♣PPPP.........
#PP@≈♣♣♣PPP#####†...
#.PPb♣≈≈≈P.P####....
##.SPP≈≈♣♣≈h.≈≈≈.>..
##..≈≈≈≈≈♣≈≈≈≈.P...
####.P≈PPlP♣h≈P...
#..≈P≈≈≈PPPP...
#...h.#####....
#...### ##... #...#
####


You could see an adder, a jackal and a bat.

Vanquished Creatures
  A dart slug (D:1)
  A ball python (D:1)
  2 goblins (D:1)
  3 hobgoblins (D:1)
  A jackal (D:2)
  2 bats (D:1)
  A frilled lizard (D:1)
  4 kobolds (D:1)
  A rat (D:1)
  A plant (D:2)
17 creatures vanquished.

Notes
Turn   | Place    | Note
-------+----------+-------------------------------------------
     0 | D:1      | DrReedTrader12 the Merfolk Transmuter began the quest for
                  | the Orb.
     0 | D:1      | Reached XP level 1. HP: 15/15 MP: 3/3
   277 | D:1      | Reached XP level 2. HP: 17/21 MP: 3/5
   750 | D:1      | Learned a level 2 spell: Sticks to Snakes
  1508 | D:2      | HP: 1/22 [poisoned by an adder]
  1508 | D:2      | Slain by a bat

Illustrated notes

Levels and vault maps discovered:
D:1:      nagdon_arrival_double_spiral, layout_basic
D:2:      layout_rooms, serial_bayou_lagoon_a

Skill      XL: |  1  2 |
---------------+-------+-----
Dodging        | 3 |  3.1
Fighting       | |  1.7
Stealth        | |  0.6
Unarmed Combat | |  3.4
Spellcasting   | |  2.2
Transmutations | |  2.8

Action                   || total
-------------------------++-------
Melee: Unarmed           ||    12
       Headbutt          ||     2
       Whip              ||   128
       Punch             ||     6
 Cast: Beastly Appendage ||     8
       Sticks to Snakes  ||     2
  Use: Scroll            ||     5
  Eat: Chunk             ||     1
Armor: Robe              ||    21
Dodge: Dodged            ||    92
